 Dungeon Crawl Stone Soup version 0.30-a0-368-g86fb4627a9 (webtiles) character file.

Game seed: 5537994090514110441

3563 avis the Skirmisher (level 9, -7/75 HPs)
             Began as a Demigod Ice Elementalist on Nov 18, 2022.
             Killed from afar by a steam dragon (40 damage)
             ... with a ball of steam
             ... on level 8 of the Dungeon.
             The game lasted 00:54:01 (7135 turns).

avis the Skirmisher (Demigod Ice Elementalist)      Turns: 7135, Time: 00:54:02

Health: -7/75      AC:  6    Str:  9    XL:     9   Next: 54%
Magic:  14/16      EV: 14    Int: 17    God:
Gold:   85         SH:  0    Dex: 26    Spells: 7/14 levels left

rFire   x . .      SeeInvis .    a - +4 rapier (vamp)
rCold   + . .      Faith    .    (no shield)
rNeg    . . .      Spirit   .    c - +0 robe
rPois   .          Reflect  .    (no helmet)
rElec   .          Harm     .    (no cloak)
rCorr   .          Rampage  .    (no gloves)
Will    .....                    (no boots)
Stlth   +++.......               (no amulet)
HPRegen 0.32/turn                o - +4 ring of protection
MPRegen 0.15/turn                H - ring of ice

@: no status effects
A: high MP 1, forlorn, divine attributes
a: no special abilities


You were on level 8 of the Dungeon.
You visited 2 branches of the dungeon, and saw 9 of its levels.

You collected 425 gold pieces.
You spent 340 gold pieces at shops.

Inventory:

Hand Weapons
 a - a +4 vampiric rapier (weapon)
 b - the +6 sling "Cikoh" {vorpal, Int+4}
   (You found it on level 2 of the Dungeon)

   Any ammunition fired from it inflicts extra damage upon your enemies.
   Int:       It affects your intelligence (+4).
 l - the +7 falchion of Dishonour {vorpal, rF+ rC+ rN+}
   (You found it on level 7 of the Dungeon)

   It inflicts extra damage upon your enemies.
   rF:        It protects you from fire.
   rC:        It protects you from cold.
   rN:        It protects you from negative energy.
 n - the +1 spear of Peace {flame, rElec Dex+4 Stlth+}
   (You found it on level 7 of the Dungeon)

   It burns those it strikes, dealing additional fire damage.
   Dex:       It affects your dexterity (+4).
   rElec:     It insulates you from electricity.
   Stlth:     It makes you more stealthy.
Missiles
 h - 2 poisoned darts
Armour
 c - a +0 robe (worn)
Magical Staves
 w - a staff of cold
Jewellery
 o - a +4 ring of protection (left hand)
 H - a ring of ice (right hand)
Wands
 z - a wand of quicksilver (8)
Scrolls
 d - 2 scrolls of vulnerability {unknown}
 f - a scroll of blinking {unknown}
 g - 2 scrolls of amnesia {unknown}
 i - 6 scrolls of teleportation {unknown}
 j - a scroll of summoning {unknown}
 k - 4 scrolls of enchant weapon {unknown}
 m - a scroll of immolation {unknown}
 u - 2 scrolls of magic mapping {unknown}
 x - a scroll of butterflies {unknown}
 y - a scroll of brand weapon {unknown}
Potions
 e - a potion of magic
 p - a potion of might
 r - 2 potions of curing
 v - a potion of brilliance
 C - a potion of invisibility
 D - a potion of resistance {unknown}
 E - a potion of lignification {unknown}
 I - a potion of degeneration {unknown}
 K - a potion of heal wounds


   Skills:
 - Level 6.0 Fighting
 * Level 6.1 Short Blades
 - Level 8.0 Ranged Weapons
 - Level 3.0 Dodging
 - Level 2.0 Stealth
 - Level 3.0 Spellcasting
 - Level 5.0 Ice Magic


You had 7 spell levels left.
You knew the following spells:

 Your Spells              Type           Power      Damage    Failure   Level
a - Freeze                Ice            100%       1d10      2%          1
o - Ozocubu's Armour      Ice            29%        N/A       7%          3
r - Frozen Ramparts       Ice            58%        1d9       7%          3

Your spell library contained the following spells:

 Spells                   Type           Power      Damage    Failure   Level
 Ensorcelled Hibernation  Hex/Ice        32%        N/A       10%         2
 Necrotise                Necr           8%         1d4       17%         1
 Passwall                 Tmut/Erth      1%         N/A       26%         2
 Swiftness                Air            2%         N/A       45%         3
 Vampiric Draining        Necr           2%         2d6       45%         3
 Ice Form                 Ice/Tmut       16%        N/A       52%         4
 Summon Ice Beast         Ice/Summ       16%        N/A       52%         4
 Manifold Assault         Tloc           2%         N/A       86%         4
 Agony                    Necr           2%         N/A       99%         5
 Summon Forest            Summ/Tloc      1%         N/A       99%         5
 Dispersal                Tloc           1%         N/A       100%        6
 Disjunction              Tloc           1%         N/A       100%        8


Dungeon Overview and Level Annotations

Branches:
Dungeon (8/15)             Temple (1/1) D:7
   Lair: D:8-11

Shops:
D:2 (   D:3 (


Innate Abilities, Weirdness & Mutations

You have an increased reservoir of magic. (+10% MP)
You shall have no god before yourself.
Your divine heritage dramatically boosts your attributes as you level up.


Message History

The heat melts your icy armour.
You closely miss the steam dragon.
The steam dragon is heavily wounded.
The steam dragon bites you but does no damage.
The steam dragon closely misses you.
You hit the steam dragon but do no damage.
The steam dragon is heavily wounded.
Your icy armour evaporates.
The steam dragon completely misses you.
The steam dragon claws you but does no damage.
You puncture the steam dragon!
You feel better.
The steam dragon is severely wounded.
The steam dragon breathes steam at you. The ball of steam hits you!!
The steam scalds you terribly!
* * * LOW HITPOINT WARNING * * *
You hit the steam dragon but do no damage.
The steam dragon is severely wounded.
You are engulfed in a cloud of scalding steam.
Unknown command.
You closely miss the steam dragon.
The steam dragon is severely wounded.
You are engulfed in a cloud of scalding steam.
The steam dragon bites you.
* * * LOW HITPOINT WARNING * * *
The steam dragon claws you but does no damage.
You hit the steam dragon.
You feel better.
The steam dragon is almost dead.
You are engulfed in a cloud of scalding steam.
The steam dragon bites you!
* * * LOW HITPOINT WARNING * * *
The steam dragon claws you.
* * * LOW HITPOINT WARNING * * *
You feel much better. The steam dragon bites you.
The steam dragon barely misses you.
You hit the steam dragon but do no damage.
The steam dragon is almost dead.
The steam dragon breathes steam at you. The ball of steam hits you!!!
The steam scalds you terribly!
Ouch! That really hurt!
You die...

#########
#.......#
#..§....#
#§.@D...#
#.<.....#
#§§.....#
#.......#
#.......#
#.......#
####.#...#
.###.. .#
#.


You could see a steam dragon (catching breath).

Vanquished Creatures
  Pikel (D:4)
  Prince Ribbit (D:6)
  2 steam dragons (D:7)
  A water moccasin (D:6)
  2 black bears
  2 orc warriors (D:6)
  An ice beast (D:6)
  3 ogres
  A sky beast (D:7)
  2 centaurs
  2 phantoms
  A necrophage (D:6)
  A bullfrog (D:6)
  4 scorpions
  5 wights (D:6)
  4 howler monkeys (D:7)
  3 jellies
  4 hounds
  A gnoll bouda (D:7)
  6 iguanas
  5 orc wizards
  3 adders
  4 gnolls (D:7)
  3 shadow imps
  A white imp (D:7)
  An ufetubus (D:6)
  A worm (D:3)
  5 dart slugs
  11 orcs
  7 ball pythons
  3 endoplasms
  A giant cockroach (D:2)
  9 goblins
  3 hobgoblins
  3 quokkas
  6 bats
  3 frilled lizards (D:1)
  6 kobolds
  3 rats
125 creatures vanquished.

Notes
Turn   | Place    | Note
-------+----------+-------------------------------------------
     0 | D:1      | avis the Demigod Ice Elementalist began the quest for the
                  | Orb.
     0 | D:1      | Reached XP level 1. HP: 14/14 MP: 5/5
   170 | D:1      | Reached XP level 2. HP: 6/20 MP: 0/7
   430 | D:1      | Reached skill level 1 in Fighting
   982 | D:2      | Identified the +6 sling "Cikoh" {vorpal, Int+4}
  1077 | D:2      | Found Duuguzocs's Weapon Shop.
  1152 | D:2      | Reached XP level 3. HP: 28/28 MP: 5/9
  1416 | D:2      | Learned a level 3 spell: Frozen Ramparts
  1420 | D:2      | Learned a level 3 spell: Ozocubu's Armour
  2539 | D:3      | You fall into a shaft and drop 3 floors!
  2557 | D:6      | Noticed an ice beast
  2581 | D:6      | Noticed an ogre
  2589 | D:6      | Killed an ogre
  2590 | D:6      | Reached skill level 2 in Ranged Weapons
  2590 | D:6      | Reached XP level 4. HP: 36/36 MP: 3/11
  2694 | D:6      | Noticed a phantom
  2703 | D:6      | Noticed a necrophage
  2721 | D:6      | Reached XP level 5. HP: 41/41 MP: 5/12
  2787 | D:6      | Reached skill level 3 in Ranged Weapons
  2865 | D:5      | Entered Level 5 of the Dungeon
  2949 | D:5      | Noticed an ogre
  2958 | D:5      | Killed an ogre
  2959 | D:5      | Reached skill level 4 in Ranged Weapons
  2959 | D:5      | Reached XP level 6. HP: 48/48 MP: 6/13
  3269 | D:4      | Reached skill level 5 in Ice Magic
  3328 | D:3      | Found Lupas's Weapon Shop.
  3729 | D:4      | Noticed Pikel
  3738 | D:4      | Killed Pikel
  3739 | D:4      | Reached skill level 6 in Ranged Weapons
  3739 | D:4      | Reached XP level 7. HP: 30/57 MP: 5/14
  3894 | D:4      | Identified the +3 leather armour of Insurance {rF+++ Str-5
                  | Int-3 SInv}
  4189 | D:5      | Reached XP level 8. HP: 66/66 MP: 3/15
  4385 | D:5      | Got the Almanac of Displacement and Glaciation
  4957 | D:6      | Reached skill level 7 in Ranged Weapons
  5129 | D:6      | Reached skill level 8 in Ranged Weapons
  5262 | D:3      | Bought a +4 vampiric rapier for 340 gold pieces
  5337 | D:6      | Reached skill level 5 in Fighting
  5337 | D:6      | Reached skill level 1 in Short Blades
  5648 | D:6      | Reached XP level 9. HP: 74/74 MP: 10/16
  5749 | D:6      | Noticed Prince Ribbit
  5755 | D:6      | Killed Prince Ribbit
  6031 | D:7      | Reached skill level 5 in Short Blades
  6787 | D:7      | Found a staircase to the Ecumenical Temple.
  6796 | Temple   | Entered the Ecumenical Temple
  7078 | D:7      | Identified the +7 falchion of Dishonour {vorpal, rF+ rC+
                  | rN+}
  7081 | D:7      | Identified the +1 spear of Peace {flame, rElec Dex+4
                  | Stlth+}
  7083 | D:7      | Upgraded the game from 0.30-a0-365-ge7f957f1db to
                  | 0.30-a0-368-g86fb4627a9
  7135 | D:8      | Killed from afar by a steam dragon

Illustrated notes

Levels and vault maps discovered:
D:1:      scummos_arrival_forest, layout_basic
D:2:      layout_loops_corners, basic_altar, serial_shops,
          nicolae_shop_hallway_plus
D:3:      layout_loops_ring, serial_shops, nicolae_shop_crystal, minivault_26
D:4:      layout_rooms, grunt_temple_overflow_open,
          eino_small_chamber_without_monster, uniq_pikel
D:5:      layout_gridville
D:6:      layout_rooms, minmay_diced_spiral, uniq_prince_ribbit1
D:7:      layout_loops_cross, dk_xom_monty_hall, okawaru_ov_weapons_minmay,
          lemuel_blue_sif_altar, minmay_temple_entry_purple_smoke,
          grunt_ministairs_10
D:8:      layout_rooms, amethyst_overflow_temple_binary, lemuel_tele_altar,
          kennysheep_mini_moat, kb_lookout_dungeons_type
Temple:   oiseaux_autumnal_temple

Skill      XL: |  1  2  3  4  5  6  7  8  9 |
---------------+----------------------------+-----
Ice Magic      | 4 5 |  5.0
Spellcasting   | 2 3 |  3.0
Fighting       | 1 2 3 4 5 6 |  6.0
Ranged Weapons | 2 4 6 8 |  8.0
Dodging        | 2 3 |  3.0
Stealth        | 2 |  2.0
Short Blades   | 2 6 |  6.1

Action                   |  1- 3 |  4- 6 |  7- 9 || total
-------------------------+-------+-------+-------++-------
Melee: Short sword       |     7 |       |       ||     7
       Dagger            |       |     1 |       ||     1
       Rapier            |       |       |    28 ||    28
 Fire: Sling             |    67 |    52 |   130 ||   249
 Cast: Freeze            |    24 |       |       ||    24
       Frozen Ramparts   |     6 |    10 |    24 ||    40
       Ozocubu's Armour  |     2 |     5 |    22 ||    29
  Use: Scroll            |       |       |     7 ||     7
       Potion            |       |       |     1 ||     1
 Stab: Sleeping          |     1 |     1 |       ||     2
Armor: Robe              |     6 |     7 |    23 ||    36
Dodge: Dodged            |    27 |    23 |    34 ||    84

Table legend: (Time is in decaauts)
 A = Elapsed time spent in this place.
 B = Non-inter-level travel time spent in this place.
 C = Inter-level travel time spent in this place.
 D = Time resting spent in this place.
 E = Time spent auto-exploring this place.
 F = Levels seen in this place.
 G = Mean time per level.
                   A        B        C        D        E       F      G
               +--------+--------+--------+--------+--------+-----+--------+
         Total |   7170 |   6652 |    518 |   2283 |   2771 |   9 |  796.7 |
       Dungeon |   7142 |   6624 |    518 |   2283 |   2771 |   8 |  892.8 |
        Temple |     28 |     28 |      0 |      0 |      0 |   1 |   28.0 |
               +--------+--------+--------+--------+--------+-----+--------+

Top non-repeatable levels by time:
     D:2: 1220 daAuts
     D:6: 1198 daAuts
     D:5: 1189 daAuts
     D:7: 1175 daAuts
     D:1: 881 daAuts
     D:3: 791 daAuts
     D:4: 665 daAuts
  Temple: 28 daAuts
     D:8: 18 daAuts
